 Dungeon Crawl Stone Soup version 0.22-a0-587-g7d32d7c (webtiles) character file.

180 Atlas the Grave Robber (level 5, -4/35 HPs)
             Began as a Mummy Necromancer on July 4, 2018.
             Slain by a centaur skeleton (7 damage)
             ... on level 4 of the Dungeon.
             The game lasted 00:08:36 (6179 turns).

Atlas the Grave Robber (Mummy Necromancer)          Turns: 6179, Time: 00:08:36

Health: -4/35      AC:  4    Str: 11    XL:     5   Next: 33%
Magic:  7/12       EV: 12    Int: 16    God:
Gold:   183        SH:  0    Dex: 15    Spells: 9/13 levels left

rFire    x . .     SeeInvis .   n - +8 hand axe of Ragnarok {freeze, *Corrode rPois rC+}
rCold    + + .     Gourm    .   (no shield)
rNeg     + + +     Faith    .   o - +0 leather armour
rPois    ∞         Spirit   .   (no helmet)
rElec    .         Reflect  .   (no cloak)
rCorr    .         Harm     .   (no gloves)
MR       .....                  l - +0 pair of boots
Stlth    ++........             (no amulet)
HPRegen  0.11/turn              f - +3 ring of dexterity
MPRegen  0.13/turn              (no ring)

@: no status effects
A: no food or potions, fire vulnerability, cold resistance 1, negative energy
resistance 3, torment resistance, unbreathing
a: no special abilities


You were on level 4 of the Dungeon.
You were not hungry.

You visited 1 branch of the dungeon, and saw 4 of its levels.

You collected 183 gold pieces.

Inventory:

Hand Weapons
 n - the +8 hand axe of Ragnarok (weapon) {freeze, *Corrode rPois rC+}
   (You took it off an orc on level 4 of the Dungeon)

   It has been specially enchanted to freeze those struck by it, causing extra
   injury to most foes and up to half again as much damage against particularly
   susceptible opponents.
   It can also slow down cold-blooded creatures.
   It protects you from cold.
   It protects you from poison.
   It may corrode you when you take damage.
Armour
 a - a +0 robe
 l - a +0 pair of boots (worn)
 o - a +0 leather armour (worn)
Jewellery
 f - a +3 ring of dexterity (left hand)
Wands
 j - a wand of paralysis (15)
Scrolls
 b - 3 scrolls of identify {unknown}
 c - a scroll of noise {unknown}
 d - a scroll of fear {unknown}
 e - 4 scrolls of remove curse
 g - a scroll of magic mapping {unknown}
 h - a scroll of amnesia {unknown}
 i - 2 scrolls of teleportation {unknown}
 k - a scroll of enchant weapon {unknown}
 m - a scroll of fog {unknown}


   Skills:
 + Level 0.3 Fighting
 + Level 1.6 Dodging
 - Level 1.5 Stealth
 + Level 4.9 Spellcasting
 + Level 5.5 Necromancy


You had 9 spell levels left.
You knew the following spells:

 Your Spells              Type           Power        Failure   Level  Hunger
a - Pain                  Necr           ###.         1%          1    N/A
c - Vampiric Draining     Necr           ###.......   6%          3    N/A

Your spell library contained the following spells:

 Spells                   Type           Power        Failure   Level  Hunger
 Animate Dead             Necr           N/A          21%         4    N/A
 Animate Skeleton         Necr           N/A          1%          1    N/A
 Regeneration             Chrm/Necr      ##........   19%         3    N/A

Dungeon Overview and Level Annotations

Branches:
Dungeon (4/15)
 Temple: D:4-7

Altars:
Kikubaaqudgha

Annotations:
D:2 Natasha


Innate Abilities, Weirdness & Mutations

You do not eat or drink.
Your flesh is vulnerable to fire.
You are immune to poison.
Your flesh is cold resistant. (rC+)
You are immune to negative energy. (rN+++)
You are immune to unholy pain and torment.
You can survive without breathing.


Message History

The orc is heavily wounded.
You feel life coursing into your body. The orc closely misses you.
You slash the orc! You freeze the orc.
You kill the orc!
The centaur skeleton hits you.
You hit the centaur skeleton.
The centaur skeleton is lightly damaged.
The centaur skeleton hits you.
The orc priest calls down the wrath of Beogh upon you.
Beogh smites you! The centaur skeleton hits you.
You hit the centaur skeleton.
The centaur skeleton is moderately damaged.
The centaur skeleton hits you.
* * * LOW HITPOINT WARNING * * *
You slash the centaur skeleton!
The centaur skeleton is heavily damaged.
The centaur skeleton hits you.
* * * LOW HITPOINT WARNING * * *
The centaur skeleton hits you!
You die...

###############
#oZ@..........#
#w###########.# #### #.#
#.# #... #######o# #.# #...
#.o...(Z# .#####.###...
.......wo..................
...o........#>.............
............#.#......###...
............# #......###...


You could see a worm, an orc priest and a centaur skeleton.

Vanquished Creatures
  3 adders
  A howler monkey skeleton (D:4)
  An ooze (D:2)
  6 worms
  7 dart slugs
  2 leopard geckos
  9 orcs
  A ball python (D:4)
  4 giant cockroaches
  8 goblins
  10 hobgoblins
  9 jackals
  8 kobolds
  3 quokkas
  14 bats
  A frilled lizard (D:3)
  A leopard gecko skeleton (D:4)
  6 rats
94 creatures vanquished.

Notes
Turn   | Place    | Note
-------+----------+-------------------------------------------
     0 | D:1      | Atlas the Mummy Necromancer began the quest for the Orb.
     0 | D:1      | Reached XP level 1. HP: 13/13 MP: 4/4
   716 | D:1      | Reached XP level 2. HP: 9/19 MP: 0/5
  1960 | D:2      | Reached XP level 3. HP: 24/24 MP: 0/7
  1965 | D:2      | Learned a level 3 spell: Vampiric Draining
  2042 | D:2      | Noticed Natasha
  2407 | D:2      | Reached skill level 5 in Necromancy
  2931 | D:2      | Reached XP level 4. HP: 30/30 MP: 4/9
  5104 | D:3      | Found an ancient bone altar of Kikubaaqudgha.
  5450 | D:4      | Reached XP level 5. HP: 24/35 MP: 12/12
  5667 | D:4      | Noticed a moth of wrath
  5715 | D:4      | Got a transparent hand axe {freeze}
  5716 | D:4      | Identified the +8 hand axe of Ragnarok {freeze, *Corrode rPois rC+} (You took it off an orc on level 4 of the Dungeon)
  6179 | D:4      | Slain by a centaur skeleton

Vault maps used:
D:1:      scummos_arrival_simple_fountains
D:2:      first_ration, uniq_natasha
D:3:      marbit_many_paths
D:4:      tgw_trog

Skill      XL: |  1  2  3  4 |
---------------+-------------+-----
Spellcasting   | 3 4 |  4.9
Necromancy     | 5 |  5.5
Fighting       | |  0.3
Dodging        | |  1.6
Stealth        | |  1.5

Action                   |  1- 3 |  4- 6 || total
-------------------------+-------+-------++-------
Melee: Unarmed           |    19 |    26 ||    45
       Hand axe          |       |    13 ||    13
 Cast: Pain              |    94 |   106 ||   200
       Vampiric Draining |       |     5 ||     5
  Use: Scroll            |     1 |       ||     1
Armor: Robe              |     6 |    15 ||    21
Dodge: Dodged            |    27 |    40 ||    67

Table legend:
 A = Spawn XP
 B = Non-spawn XP
 C = Spawn XP percentage of total XP
 D = Spawn monster count
 E = Non-spawn monster count
 F = Spawn count percentage of total count
 G = Total turns spent on level
                    A         B        C        D         E        F      G
               +---------+---------+-------+---------+---------+-------+---------
         Total |       0 |     258 |   0.0 |       0 |      94 |   0.0 |  6179
               +---------+---------+-------+---------+---------+-------+---------
           D:1 |       0 |      38 |   0.0 |       0 |      17 |   0.0 |  2083
           D:2 |       0 |      71 |   0.0 |       0 |      28 |   0.0 |  1364
           D:3 |       0 |      80 |   0.0 |       0 |      30 |   0.0 |  1863
           D:4 |       0 |      69 |   0.0 |       0 |      19 |   0.0 |   869
               +---------+---------+-------+---------+---------+-------+---------
